[Event "ICC tourney 2354 (60 10)"]
[Site "Internet Chess Club"]
[Date "2021.01.30"]
[Round "2"]
[White "CommissionerG"]
[Black "Franklyn2009"]
[Result "1-0"]
[ICCResult "Black checkmated"]
[WhiteElo "1397"]
[BlackElo "1720"]
[Opening "Grünfeld: Spassky variation, main line, 10...cd, 11.cd"]
[ECO "D88"]
[NIC "GI.06"]
[Time "13:06:28"]
[PlyCount "87"]
[TimeControl "3600+10"]

1. d4 Nf6 2. c4 g6 3. Nc3 d5 4. cxd5 Nxd5 5. e4 Nxc3 6. bxc3 Bg7 7. Bc4 O-O
8. Ne2 c5 9. Be3 Nc6 10. O-O cxd4 11. cxd4 Qc7 12. Rc1 e6 13. e5 Qa5 14.
Ng3 Rd8 15. Qg4 a6 16. Ne4 Qb4 17. Bd2 Qf8 18. Nd6 b5 19. Be2 Ne7 20. Ba5
Rd7 21. Bf3 Nd5 22. Bxd5 Rxd6 23. Bxa8 Rd7 24. Bc6 Ra7 25. Bb6 Re7 26. Bc5
Qd8 27. Bxe7 Qxe7 28. Bxb5 Qd8 29. Bd3 Bb7 30. Be4 h5 31. Qf3 Bxe4 32. Qxe4
Kh7 33. Rc3 Qa5 34. Rh3 Kg8 35. Rc1 Bh6 36. Rc8+ Kg7 37. g3 Qxa2 38. Qa8 g5
39. Rg8+ Kh7 40. Rh8+ Kg6 41. Qg8+ Kf5 42. Qxf7+ Kg4 43. f3+ Kxh3 44. Qxh5#
{ Black checkmated } 1-0

[Event "ICC tourney 2354 (60 10)"]
[Site "Internet Chess Club"]
[Date "2021.01.30"]
[Round "2"]
[White "JudeNYC"]
[Black "Fundog4"]
[Result "1/2-1/2"]
[ICCResult "Game drawn by mutual agreement"]
[WhiteElo "1622"]
[BlackElo "1150"]
[Opening "French: Wing gambit"]
[ECO "C00"]
[NIC "FR.01"]
[Time "13:06:40"]
[PlyCount "66"]
[TimeControl "3600+10"]

1. e4 e6 2. Nf3 d5 3. e5 c5 4. b4 cxb4 5. a3 Nc6 6. axb4 Bxb4 7. c3 Be7 8.
d4 Bd7 9. Bd3 Qb6 10. O-O Na5 11. Bc2 Nc4 12. Nbd2 Nxd2 13. Bxd2 Bd8 14.
Rb1 Qc7 15. Bd3 Ne7 16. Qb3 Rb8 17. Qc2 Ng6 18. Bc1 Be7 19. Qb3 O-O 20. Ba3
Bxa3 21. Qxa3 a6 22. Rb2 Rfc8 23. Rfb1 Nf4 24. Bf1 h6 25. g3 Ng6 26. Kg2
Kh7 27. Rb3 Bc6 28. Qb2 Ra8 29. Nd2 Rcb8 30. Ra3 a5 31. Nb3 b6 32. Nd2 a4
33. Bb5 Ra7 { Game drawn by mutual agreement } 1/2-1/2

[Event "ICC tourney 2354 (60 10)"]
[Site "Internet Chess Club"]
[Date "2021.01.30"]
[Round "2"]
[White "EkstromVT2"]
[Black "mnm1"]
[Result "0-1"]
[ICCResult "White checkmated"]
[WhiteElo "864"]
[BlackElo "1508"]
[Opening "QGD: Orthodox defense, Botvinnik variation"]
[ECO "D60"]
[NIC "QO.12"]
[Time "13:06:32"]
[PlyCount "118"]
[TimeControl "3600+10"]

1. d4 Nf6 2. c4 e6 3. Nc3 d5 4. Bg5 Be7 5. Nf3 O-O 6. e3 Nbd7 7. Bd3 h6 8.
Bh4 c5 9. O-O b6 10. Nb5 a6 11. Nc3 dxc4 12. Bxc4 Bb7 13. Bg3 Ne4 14. Nxe4
Bxe4 15. Ne5 Nxe5 16. Bxe5 Bf6 17. Bxf6 Qxf6 18. dxc5 b5 19. Be2 Qxb2 20.
Qd4 Qxe2 21. Qxe4 Rac8 22. Rfe1 Qh5 23. c6 Qd5 24. Qxd5 exd5 25. Rac1 Rc7
26. Rc5 Rfc8 27. Rec1 Kf8 28. h3 Ke7 29. Rxd5 Rxc6 30. Rcd1 R8c7 31. f4 Rc1
32. Kh2 Rxd1 33. Rxd1 Rc2 34. a4 b4 35. Rb1 a5 36. Ra1 Re2 37. Rc1 Kd6 38.
Kg3 Rxe3+ 39. Kf2 Ra3 40. Rd1+ Kc6 41. Rc1+ Rc3 42. Rxc3+ bxc3 43. Ke2 Kc5
44. Kd1 Kb4 45. Kc2 Kc4 46. Kb1 Kb3 47. Kc1 c2 48. g4 g5 49. fxg5 hxg5 50.
h4 gxh4 51. g5 h3 52. g6 fxg6 53. Kd2 Kb2 54. Ke3 c1=Q+ 55. Kd4 h2 56. Ke5
h1=Q 57. Kf6 Qf4+ 58. Kxg6 Qg2+ 59. Kh5 Qfh2# { White checkmated } 0-1

[Event "ICC tourney 2354 (60 10)"]
[Site "Internet Chess Club"]
[Date "2021.01.30"]
[Round "2"]
[White "kevin2010"]
[Black "adkot"]
[Result "1/2-1/2"]
[ICCResult "Game drawn by mutual agreement"]
[WhiteElo "1126"]
[BlackElo "1523"]
[Opening "Queen's pawn game"]
[ECO "D05"]
[NIC "QP.08"]
[Time "13:06:33"]
[PlyCount "143"]
[TimeControl "3600+10"]

1. d4 d5 2. Nf3 Nf6 3. e3 e6 4. Bd3 c5 5. O-O c4 6. Be2 g6 7. Ne5 Bg7 8. c3
O-O 9. Nd2 Nbd7 10. Ndf3 Nxe5 11. Nxe5 Bd7 12. Re1 Ne4 13. f3 Nf6 14. b3
cxb3 15. axb3 Qc7 16. Bb2 a6 17. Bd3 Rac8 18. Rc1 Nh5 19. f4 Nf6 20. e4
dxe4 21. Bxe4 Nxe4 22. Rxe4 Bc6 23. Nxc6 Qxc6 24. Re3 Rfd8 25. c4 Qb6 26.
c5 Qb5 27. Qd3 Qxd3 28. Rxd3 Rc6 29. Rcd1 Rcc8 30. b4 Rd5 31. g4 Rcd8 32.
Kf2 f5 33. h3 fxg4 34. hxg4 Kf7 35. Kf3 h6 36. Ke4 Ke7 37. R1d2 Rf8 38. Rf2
g5 39. f5 Rdd8 40. Rdf3 exf5+ 41. Rxf5 Rxf5 42. Rxf5 Bf6 43. Rd5 Rxd5 44.
Kxd5 Kd7 45. Kc4 Ke7 46. b5 axb5+ 47. Kxb5 Kd7 48. Kb6 Kc8 49. c6 bxc6 50.
Kxc6 Kd8 51. Kd6 Ke8 52. Kd5 Kd7 53. Ba3 Bg7 54. Ke4 Ke8 55. d5 Kd7 56. Kf5
Bd4 57. Kg6 Be3 58. Kxh6 Bf4 59. Kg6 Bd2 60. Kf5 Bf4 61. d6 Be3 62. Bb2
Kxd6 63. Bg7 Kd7 64. Bf6 Ke8 65. Bg7 Kf7 66. Bh6 Bf4 67. Bxg5 Bxg5 68. Kxg5
Kg7 69. Kh5 Kh7 70. g5 Kg7 71. g6 Kg8 72. Kh6 { Game drawn by mutual
agreement } 1/2-1/2

[Event "ICC tourney 2354 (60 10)"]
[Site "Internet Chess Club"]
[Date "2021.01.30"]
[Round "2"]
[White "Noahchess328"]
[Black "Yamato1945"]
[Result "1-0"]
[ICCResult "Black resigns"]
[WhiteElo "1577"]
[BlackElo "1397"]
[Opening "Caro-Kann: advance variation"]
[ECO "B12"]
[NIC "CK.02"]
[Time "13:06:05"]
[PlyCount "57"]
[TimeControl "3600+10"]

1. e4 c6 2. d4 d5 3. e5 c5 4. dxc5 Nc6 5. f4 Bf5 6. Nf3 e6 7. Be3 Qa5+ 8.
c3 Qc7 9. Na3 a6 10. Nc2 Nh6 11. h3 Be4 12. Bd3 Nf5 13. Bf2 Na5 14. b4 Nc4
15. Bxc4 dxc4 16. Ncd4 Rd8 17. Qa4+ Ke7 18. Nxf5+ exf5 19. Bh4+ f6 20. O-O
Rd3 21. exf6+ gxf6 22. Ne5 Rg8 23. g3 Rxc3 24. Rad1 Bc6 25. Nxc6+ bxc6 26.
Rd6 Rg6 27. Rxc6 Qd7 28. Re1+ Kd8 29. Qa5+ { Black resigns } 1-0

[Event "ICC tourney 2354 (60 10)"]
[Site "Internet Chess Club"]
[Date "2021.01.30"]
[Round "3"]
[White "ArisL"]
[Black "JacobBolk"]
[Result "0-1"]
[ICCResult "White checkmated"]
[WhiteElo "787"]
[BlackElo "1057"]
[Opening "Queen's pawn game"]
[ECO "A45"]
[NIC "QP.07"]
[Time "16:00:48"]
[PlyCount "36"]
[TimeControl "3600+10"]

1. d4 Nf6 2. Nc3 g6 3. Bf4 Bg7 4. Nf3 O-O 5. e3 d6 6. Be2 Re8 7. Qd2 Nc6 8.
O-O-O Bf5 9. Bd3 Bxd3 10. Qxd3 Ng4 11. Qe2 e5 12. d5 Ne7 13. Ne4 exf4 14.
exf4 c6 15. dxc6 Nxc6 16. h3 Nf6 17. Nxf6+ Qxf6 18. Qd2 Qxb2# { White
checkmated } 0-1

[Event "ICC tourney 2354 (60 10)"]
[Site "Internet Chess Club"]
[Date "2021.01.30"]
[Round "3"]
[White "CH246"]
[Black "KatyLiao"]
[Result "1-0"]
[ICCResult "Black checkmated"]
[WhiteElo "1288"]
[BlackElo "861"]
[Opening "King's pawn game"]
[ECO "C50"]
[NIC "IG.03"]
[Time "16:01:11"]
[PlyCount "49"]
[TimeControl "3600+10"]

1. e4 e5 2. Nf3 Nc6 3. Bc4 Bb4 4. c3 Be7 5. O-O Nf6 6. Re1 O-O 7. d4 exd4
8. cxd4 h6 9. e5 Ne8 10. d5 Nb8 11. d6 cxd6 12. exd6 Bxd6 13. Rxe8 Rxe8 14.
Qxd6 Nc6 15. Bf4 Qe7 16. Qd2 Qf6 17. Nc3 Re7 18. Nd5 Qe6 19. Re1 Qf5 20.
Nxe7+ Nxe7 21. Rxe7 Qf6 22. Re8+ Kh7 23. Bd3+ g6 24. Be5 Qb6 25. Rh8# {
Black checkmated } 1-0

[Event "ICC tourney 2354 (60 10)"]
[Site "Internet Chess Club"]
[Date "2021.01.30"]
[Round "3"]
[White "bogglylogs"]
[Black "Fenton2011"]
[Result "1-0"]
[ICCResult "Black checkmated"]
[WhiteElo "1460"]
[BlackElo "1177"]
[Opening "Sicilian: Alapin's variation (2.c3)"]
[ECO "B22"]
[NIC "SI.47"]
[Time "16:00:55"]
[PlyCount "47"]
[TimeControl "3600+10"]

1. e4 c5 2. c3 Nf6 3. e5 Nd5 4. d4 cxd4 5. cxd4 Nc6 6. Nf3 d6 7. Bb5 a6 8.
Bxc6+ bxc6 9. O-O dxe5 10. dxe5 Bg4 11. h3 Bh5 12. Nbd2 e6 13. Qa4 Qc7 14.
b3 Bc5 15. Bb2 O-O 16. Rac1 Bb6 17. Rxc6 Qb7 18. Rcc1 Rac8 19. Ne4 Bg6 20.
Nd6 Qa8 21. Nxc8 Rxc8 22. Rxc8+ Qxc8 23. Rc1 Qb7 24. Qe8# { Black
checkmated } 1-0

[Event "ICC tourney 2354 (60 10)"]
[Site "Internet Chess Club"]
[Date "2021.01.30"]
[Round "3"]
[White "RaiChess"]
[Black "Abbyliao0216"]
[Result "1-0"]
[ICCResult "Black checkmated"]
[WhiteElo "984"]
[BlackElo "768"]
[Opening "Two knights defense"]
[ECO "C59"]
[NIC "KP.01"]
[Time "16:00:45"]
[PlyCount "91"]
[TimeControl "3600+10"]

1. e4 e5 2. Nf3 Nc6 3. Bc4 Nf6 4. Ng5 d5 5. exd5 Na5 6. Bb5+ c6 7. dxc6
bxc6 8. Be2 Bc5 9. O-O h6 10. Nf3 O-O 11. a3 Nb7 12. b4 Bd4 13. c3 Bb6 14.
Nxe5 Re8 15. Nf3 Nd6 16. d3 Bb7 17. Bf4 c5 18. bxc5 Bxc5 19. Qb3 Ng4 20. d4
Bxf3 21. Bxf3 Rb8 22. Qd5 Qh4 23. Bxg4 Qxg4 24. Bxd6 Bxd6 25. Qxd6 Rb2 26.
Qg3 Qxg3 27. hxg3 Ree2 28. a4 a5 29. Na3 Kf8 30. Nc4 Rbc2 31. Nxa5 Rxc3 32.
Nb7 Ke7 33. Rfe1 Rxe1+ 34. Rxe1+ Kd7 35. Nc5+ Kd6 36. Ne4+ Kd5 37. Nxc3+
Kxd4 38. a5 Kxc3 39. a6 Kb4 40. a7 Kb5 41. a8=Q Kc5 42. Re5+ Kd6 43. Qd5+
Kc7 44. Qc5+ Kd7 45. Re7+ Kd8 46. Qc7# { Black checkmated } 1-0

[Event "ICC tourney 2354 (60 10)"]
[Site "Internet Chess Club"]
[Date "2021.01.30"]
[Round "3"]
[White "JacobFeuerstein"]
[Black "LionsHansenW"]
[Result "1-0"]
[ICCResult "Black checkmated"]
[WhiteElo "1099"]
[BlackElo "860"]
[Opening "Four knights: Scotch variation"]
[ECO "C47"]
[NIC "KP.06"]
[Time "16:01:05"]
[PlyCount "47"]
[TimeControl "3600+10"]

1. e4 e5 2. Nf3 Nc6 3. Nc3 Nf6 4. d4 d6 5. d5 Na5 6. Bg5 h6 7. Bd2 Bg4 8.
Be2 Nc4 9. Bxc4 Bxf3 10. Qxf3 Be7 11. O-O-O O-O 12. Qg3 Nh5 13. Qf3 Bg5 14.
Qxh5 Bxd2+ 15. Rxd2 a6 16. Rd3 b5 17. Rg3 g5 18. Qxh6 f6 19. h4 Kf7 20.
Qh7+ Ke8 21. Nxb5 axb5 22. Bxb5+ c6 23. Bxc6+ Qd7 24. Qxd7# { Black
checkmated } 1-0

[Event "ICC tourney 2354 (60 10)"]
[Site "Internet Chess Club"]
[Date "2021.01.30"]
[Round "3"]
[White "SAHYmilana"]
[Black "georgebg"]
[Result "1-0"]
[ICCResult "Black checkmated"]
[WhiteElo "1372"]
[BlackElo "1004"]
[Opening "English: symmetrical variation"]
[ECO "A34"]
[NIC "EO.64"]
[Time "16:01:33"]
[PlyCount "41"]
[TimeControl "3600+10"]

1. c4 c5 2. Nc3 d6 3. g3 Nf6 4. Bg2 Bd7 5. e3 Nc6 6. Nge2 Qc7 7. O-O g6 8.
d4 b6 9. b3 h5 10. Nf4 Bh6 11. Nfd5 Nxd5 12. Nxd5 O-O-O 13. a4 Qb7 14.
Nxe7+ Kc7 15. Nd5+ Kb8 16. a5 bxa5 17. Bd2 Rdf8 18. Bxa5 Nxa5 19. Rxa5 Qxb3
20. Qxb3+ Ka8 21. Nc7# { Black checkmated } 1-0

[Event "ICC tourney 2354 (60 10)"]
[Site "Internet Chess Club"]
[Date "2021.01.30"]
[Round "3"]
[White "deviyer"]
[Black "FireballCaden"]
[Result "0-1"]
[ICCResult "White checkmated"]
[WhiteElo "1194"]
[BlackElo "1540"]
[Opening "Pirc: classical (two knights) system"]
[ECO "B06"]
[NIC "PU.10"]
[Time "16:01:30"]
[PlyCount "90"]
[TimeControl "3600+10"]

1. e4 g6 2. d4 Bg7 3. Nf3 d6 4. Nc3 Nf6 5. Bc4 O-O 6. O-O Nc6 7. Be3 e5 8.
Qd2 Ne8 9. Bb5 Bg4 10. Qd1 exd4 11. h3 Bxf3 12. Qxf3 dxc3 13. Bxc6 bxc6 14.
bxc3 Bxc3 15. Rab1 Qf6 16. Qe2 Bd4 17. Bd2 Qe6 18. Bh6 Bg7 19. Bd2 Qxa2 20.
Rfc1 Qe6 21. Qf3 Nf6 22. Rb7 Qxe4 23. Qxe4 Nxe4 24. Be3 Rfc8 25. Rxa7 Rxa7
26. Bxa7 c5 27. Re1 d5 28. f3 Bd4+ 29. Kh2 Nd6 30. Rd1 Ra8 31. c3 Be5+ 32.
Kg1 Rxa7 33. Re1 Bxc3 34. Rb1 Bd4+ 35. Kh1 Be5 36. Rb8+ Kg7 37. Rb1 c4 38.
Rf1 c3 39. f4 Bf6 40. Rc1 Ne4 41. Kg1 Nd2 42. Kf2 Ra2 43. Ke1 Nb3 44. Rb1
c2 45. Rxb3 c1=Q# { White checkmated } 0-1

[Event "ICC tourney 2354 (60 10)"]
[Site "Internet Chess Club"]
[Date "2021.01.30"]
[Round "3"]
[White "Nedas15"]
[Black "MYMChessWyatt"]
[Result "0-1"]
[ICCResult "White checkmated"]
[WhiteElo "376"]
[BlackElo "1289"]
[Opening "Sicilian"]
[ECO "B50"]
[NIC "SI.01"]
[Time "16:00:44"]
[PlyCount "78"]
[TimeControl "3600+10"]

1. e4 c5 2. Nf3 d6 3. Nc3 e6 4. e5 d5 5. d4 Nc6 6. dxc5 Bxc5 7. Bd3 a6 8.
O-O Qc7 9. Be3 d4 10. Nxd4 Bxd4 11. Bf4 Bxe5 12. Be3 Nf6 13. f4 Bd4 14. Re1
O-O 15. Ne4 Nxe4 16. Bxe4 Bxe3+ 17. Rxe3 Qxf4 18. Bxh7+ Kxh7 19. Rh3+ Kg8
20. Qh5 Qh6 21. Qg4 Qg6 22. Qh4 f6 23. Rc1 Qg5 24. Qh7+ Kf7 25. Qd3 Qxc1+
26. Kf2 Qf4+ 27. Kg1 Qd4+ 28. Qxd4 Nxd4 29. c3 e5 30. cxd4 Bxh3 31. gxh3
exd4 32. Kg2 d3 33. Kf2 Rfe8 34. Kf1 d2 35. Kf2 d1=Q 36. Kg2 Re2+ 37. Kg3
Qd3+ 38. Kg4 Re4+ 39. Kh5 Qxh3# { White checkmated } 0-1

[Event "ICC tourney 2354 (60 10)"]
[Site "Internet Chess Club"]
[Date "2021.01.30"]
[Round "3"]
[White "DanielBolk"]
[Black "alexandersoll"]
[Result "1-0"]
[ICCResult "Black checkmated"]
[WhiteElo "1279"]
[BlackElo "798"]
[Opening "King's Indian: fianchetto, Yugoslav, 7.O-O"]
[ECO "E65"]
[NIC "KI.69"]
[Time "16:00:52"]
[PlyCount "119"]
[TimeControl "3600+10"]

1. Nf3 c5 2. g3 d6 3. Bg2 Nf6 4. O-O g6 5. c4 Bg7 6. Nc3 O-O 7. d4 cxd4 8.
Nxd4 Nbd7 9. e3 Rb8 10. Qc2 b6 11. Nc6 Qc7 12. Nxb8 Qxb8 13. Nd5 Nxd5 14.
cxd5 Bb7 15. Qe2 Nc5 16. Rb1 Ba6 17. Qe1 Bxf1 18. Qxf1 Na4 19. Qb5 Nc5 20.
b4 Nb7 21. Bd2 Rc8 22. Rc1 Rxc1+ 23. Bxc1 Qc7 24. Qc6 Qxc6 25. dxc6 d5 26.
cxb7 Be5 27. Bxd5 Bb8 28. f4 h5 29. Kg2 e6 30. Bf3 Kg7 31. Kf1 b5 32. Bb2+
Kh6 33. Ke2 a6 34. Kd3 Ba7 35. Bd4 Bb8 36. Ke4 f5+ 37. Kd3 Kh7 38. Be5 Ba7
39. b8=Q Bxb8 40. Bxb8 Kg7 41. Bb7 Kf7 42. Bxa6 Kf6 43. Bxb5 g5 44. fxg5+
Kxg5 45. Bd7 e5 46. Bxe5 h4 47. gxh4+ Kxh4 48. Bxf5 Kh5 49. b5 Kg5 50. b6
Kxf5 51. b7 Kxe5 52. b8=Q+ Kf5 53. a4 Kg5 54. Qf4+ Kh5 55. Qg3 Kh6 56. a5
Kh5 57. a6 Kh6 58. a7 Kh5 59. a8=Q Kh6 60. Qh8# { Black checkmated } 1-0

[Event "ICC tourney 2354 (60 10)"]
[Site "Internet Chess Club"]
[Date "2021.01.30"]
[Round "3"]
[White "Elisey2011"]
[Black "SeannDSpeyer"]
[Result "0-1"]
[ICCResult "White checkmated"]
[WhiteElo "581"]
[BlackElo "1299"]
[Opening "Queen's pawn"]
[ECO "A40"]
[NIC "QO.17"]
[Time "16:00:46"]
[PlyCount "80"]
[TimeControl "3600+10"]

1. d4 e6 2. Nc3 Nf6 3. f3 b6 4. Bf4 Bb7 5. e4 d6 6. Nge2 Nbd7 7. g3 Be7 8.
Bg2 e5 9. dxe5 dxe5 10. Be3 O-O 11. O-O Bc5 12. Qd2 Bxe3+ 13. Qxe3 Nc5 14.
Rfd1 Qe7 15. f4 exf4 16. Nxf4 Rfe8 17. Re1 Rad8 18. g4 Nxg4 19. Qg3 Nf6 20.
e5 Bxg2 21. Qxg2 Nfd7 22. Ncd5 Qf8 23. Nh5 c6 24. Nc7 Rxe5 25. Rxe5 Nxe5
26. Nf6+ Kh8 27. Nh5 g6 28. Nf6 Qd6 29. Rf1 Qxc7 30. Qh3 h5 31. Nxh5 gxh5
32. Qxh5+ Kg8 33. Qg5+ Kf8 34. Qh6+ Ke8 35. Qh8+ Kd7 36. Rd1+ Kc8 37. Qh3+
Kb7 38. Re1 Rg8+ 39. Kh1 Ng4 40. Qh7 Nf2# { White checkmated } 0-1

[Event "ICC tourney 2354 (60 10)"]
[Site "Internet Chess Club"]
[Date "2021.01.30"]
[Round "3"]
[White "Yamato1945"]
[Black "NathanBolk"]
[Result "1-0"]
[ICCResult "Black resigns"]
[WhiteElo "1397"]
[BlackElo "1167"]
[Opening "King's Indian: 6.Be2"]
[ECO "E91"]
[NIC "KI.19"]
[Time "16:00:43"]
[PlyCount "52"]
[TimeControl "3600+10"]

1. d4 Nf6 2. c4 g6 3. Nc3 Bg7 4. e4 d6 5. Nf3 O-O 6. Be2 Re8 7. Be3 Nfd7 8.
Nd2 e5 9. d5 Rf8 10. O-O Nb6 11. b4 f5 12. f3 f4 13. Bf2 Qg5 14. Kh1 N8d7
15. c5 dxc5 16. bxc5 Nxc5 17. Bxc5 Nd7 18. Bxf8 Nxf8 19. Qb3 Nd7 20. d6+
Kh8 21. dxc7 Nc5 22. Qb5 Bd7 23. Qxc5 Bf8 24. Qc4 Qh6 25. Qb3 g5 26. Qxb7
Bc6 { Black resigns } 1-0

[Event "ICC tourney 2354 (60 10)"]
[Site "Internet Chess Club"]
[Date "2021.01.30"]
[Round "3"]
[White "batmanthechamp"]
[Black "BSILawrence"]
[Result "1-0"]
[ICCResult "Black checkmated"]
[WhiteElo "1434"]
[BlackElo "1167"]
[Opening "Scotch: Göring gambit, Bardeleben variation"]
[ECO "C44"]
[NIC "SO.06"]
[Time "16:00:50"]
[PlyCount "97"]
[TimeControl "3600+10"]

1. e4 e5 2. Nf3 Nc6 3. d4 exd4 4. c3 dxc3 5. Nxc3 Nf6 6. Bc4 Bb4 7. e5 Ne4
8. Qd5 Bxc3+ 9. bxc3 Qe7 10. Qxe4 Na5 11. O-O O-O 12. Ng5 g6 13. Qh4 h5 14.
Be2 f6 15. Nf3 Kg7 16. Bd3 Qc5 17. exf6+ Rxf6 18. Be3 g5 19. Bxc5 gxh4 20.
Bd4 Nc6 21. Bxf6+ Kxf6 22. Rfe1 h3 23. gxh3 d5 24. Re8 Ne7 25. Re1 Ng6 26.
Bxg6 Kxg6 27. Rg8+ Kh7 28. Ree8 Be6 29. Rxa8 Bxg8 30. Rxa7 d4 31. cxd4 Bd5
32. Ne5 Kh6 33. f4 h4 34. Kf2 Kg7 35. Nd3 Be4 36. Nc5 Bf5 37. Rxb7 Bxh3 38.
Rxc7+ Kf6 39. a4 Kf5 40. Ke3 Kg4 41. a5 Bg2 42. Rg7+ Kh3 43. Rxg2 Kxg2 44.
Ne4 Kxh2 45. a6 Kg2 46. a7 h3 47. a8=Q h2 48. Ng5+ Kf1 49. Qh1# { Black
checkmated } 1-0

[Event "ICC tourney 2354 (60 10)"]
[Site "Internet Chess Club"]
[Date "2021.01.30"]
[Round "3"]
[White "IronFocus"]
[Black "predatorx"]
[Result "0-1"]
[ICCResult "White resigns"]
[WhiteElo "1548"]
[BlackElo "1815"]
[Opening "French: Steinitz, Boleslavsky variation"]
[ECO "C11"]
[NIC "FR.04"]
[Time "16:01:00"]
[PlyCount "108"]
[TimeControl "3600+10"]

1. e4 e6 2. d4 d5 3. Nc3 Nf6 4. e5 Nfd7 5. f4 c5 6. Nf3 Nc6 7. Be3 a6 8.
Qd2 b5 9. Ne2 Qa5 10. Qxa5 Nxa5 11. dxc5 Nc4 12. Bd4 Bxc5 13. Bxc5 Nxc5 14.
b3 Ne3 15. Kd2 Nxf1+ 16. Rhxf1 O-O 17. Ng3 Bd7 18. Nh4 g6 19. b4 Na4 20.
Ne2 Rac8 21. Rac1 Rc7 22. c3 Rfc8 23. Nf3 Nb6 24. Kd3 Nc4 25. Nd2 Nb2+ 26.
Kc2 Na4 27. Kb3 Kg7 28. Rc2 Bc6 29. Nf3 d4 30. Nexd4 Bd5+ 31. Ka3 Rxc3+ 32.
Rxc3 Rxc3+ 33. Nb3 Rc2 34. Rc1 Rxg2 35. Ng5 Nb6 36. h4 Nc4+ 37. Rxc4 Bxc4
38. Ne4 Bxb3 39. Kxb3 Rg4 40. Nc5 Rxf4 41. Nxa6 Rxh4 42. Nc7 g5 43. Nxb5 g4
44. Nd4 g3 45. Nf3 Rf4 46. Ng1 g2 47. b5 Rf1 48. Nh3 Rf3+ 49. Kc4 Rxh3 50.
b6 g1=Q 51. b7 Qg4+ 52. Kc5 Rc3+ 53. Kd6 Qd4+ 54. Ke7 Rc7+ { White resigns
} 0-1

[Event "ICC tourney 2354 (60 10)"]
[Site "Internet Chess Club"]
[Date "2021.01.30"]
[Round "3"]
[White "liud28"]
[Black "Jagaram"]
[Result "0-1"]
[ICCResult "White checkmated"]
[WhiteElo "1060"]
[BlackElo "1367"]
[Opening "KP: Nimzovich defense"]
[ECO "B00"]
[NIC "VO.06"]
[Time "16:00:51"]
[PlyCount "146"]
[TimeControl "3600+10"]

1. e4 Nc6 2. d4 d5 3. exd5 Qxd5 4. Nf3 Bg4 5. Nc3 Qh5 6. Be2 Nf6 7. d5
O-O-O 8. Bf4 Nxd5 9. Nxd5 Qxd5 10. Qxd5 Rxd5 11. O-O e5 12. Be3 e4 13. Nd4
Bxe2 14. Nxe2 Bc5 15. Bxc5 Rxc5 16. Nc3 f5 17. Rac1 Rd8 18. Rcd1 Re5 19. f4
Re6 20. Rxd8+ Kxd8 21. Rd1+ Rd6 22. Rd5 Rxd5 23. Nxd5 Kd7 24. c3 Kd6 25.
Ne3 Ne7 26. h3 g6 27. g4 Nd5 28. Nc4+ Kc5 29. Ne5 Nxf4 30. Kh2 fxg4 31.
hxg4 Nd3 32. b4+ Kd6 33. Nc4+ Ke7 34. Kg3 Kf6 35. Na5 b6 36. Nc6 e3 37. Kf3
Ne5+ 38. Nxe5 Kxe5 39. Kxe3 h5 40. g5 Kf5 41. Kd4 Kxg5 42. Kd5 h4 43. Kc6
h3 44. Kxc7 h2 45. Kb7 h1=Q+ 46. Kxa7 Qa1 47. Kxb6 Qxa2 48. Kb5 Qd5+ 49.
Ka4 Qc4 50. Ka5 Qxc3 51. Ka4 Kf6 52. b5 Qc4+ 53. Ka5 g5 54. b6 Qc5+ 55. Ka6
Qxb6+ 56. Kxb6 g4 57. Kc5 g3 58. Kd4 g2 59. Ke3 g1=Q+ 60. Kd3 Qf2 61. Kc4
Qe3 62. Kb4 Qd3 63. Kc5 Qe4 64. Kd6 Qe6+ 65. Kc5 Qd7 66. Kb6 Qd5 67. Ka7
Qc6 68. Kb8 Qd7 69. Ka8 Ke6 70. Kb8 Kd6 71. Ka8 Kc6 72. Kb8 Kb6 73. Ka8
Qb7# { White checkmated } 0-1

[Event "ICC tourney 2354 (60 10)"]
[Site "Internet Chess Club"]
[Date "2021.01.30"]
[Round "3"]
[White "Platafina123"]
[Black "SAHY-Gabe"]
[Result "1-0"]
[ICCResult "Black checkmated"]
[WhiteElo "1172"]
[BlackElo "1423"]
[Opening "Philidor's defense"]
[ECO "C41"]
[NIC "KP.10"]
[Time "16:01:33"]
[PlyCount "63"]
[TimeControl "3600+10"]

1. e4 e5 2. Nf3 d6 3. Bc4 Be7 4. Nc3 Nf6 5. d4 exd4 6. Nxd4 O-O 7. O-O c6
8. Re1 b5 9. Bd3 b4 10. Nce2 c5 11. Nf3 Bg4 12. Ng3 Nbd7 13. Bg5 Ne5 14.
Be2 Re8 15. Nxe5 Bxe2 16. Qxe2 dxe5 17. Nf5 Qb6 18. Rad1 Bf8 19. Qf3 g6 20.
Nh6+ Bxh6 21. Bxh6 Rad8 22. Rxd8 Rxd8 23. Bg5 Nh5 24. Bxd8 Qd6 25. Rd1 Qe6
26. Bg5 Kg7 27. Qe3 Qg4 28. Bh6+ Kf6 29. Rd6+ Ke7 30. Qxc5 Nf4 31. Qc7+ Ke8
32. Rd8# { Black checkmated } 1-0

[Event "ICC tourney 2354 (60 10)"]
[Site "Internet Chess Club"]
[Date "2021.01.30"]
[Round "3"]
[White "AlexaL"]
[Black "riaanj"]
[Result "0-1"]
[ICCResult "White checkmated"]
[WhiteElo "723"]
[BlackElo "960"]
[Opening "Queen's pawn: Chigorin variation"]
[ECO "D00"]
[NIC "QP.08"]
[Time "16:00:43"]
[PlyCount "108"]
[TimeControl "3600+10"]

1. d4 d5 2. Nc3 Nf6 3. Bf4 a6 4. e3 Bg4 5. f3 Bf5 6. g4 Bg6 7. h4 h6 8. h5
Bh7 9. Qd2 Nc6 10. O-O-O Qd7 11. Be2 Nb4 12. Kb1 Bxc2+ 13. Kc1 Bxd1 14.
Qxd1 O-O-O 15. Kb1 e6 16. Nh3 Bd6 17. Bxd6 Qxd6 18. Nf4 Nd7 19. Qd2 Nb6 20.
Rc1 Nc4 21. Bxc4 dxc4 22. a3 Nc6 23. Na4 b5 24. Nc5 Ne7 25. Qa5 Qb6 26. Qb4
Nc6 27. Qc3 a5 28. b4 Kb8 29. bxa5 Qxa5 30. Qxa5 Nxa5 31. Na6+ Kb7 32. Nc5+
Kb6 33. Na4+ bxa4 34. d5 exd5 35. Rd1 c6 36. e4 dxe4 37. Rxd8 Rxd8 38. fxe4
c3 39. Kc2 Kc5 40. Kxc3 Nc4 41. Nd3+ Kb5 42. e5 Nxa3 43. e6 fxe6 44. Nb2
Rf8 45. Nc4 Nxc4 46. Kc2 a3 47. Kb1 Rf2 48. Ka1 Kb4 49. Kb1 a2+ 50. Ka1
Rf1+ 51. Kxa2 e5 52. g5 Rf2+ 53. Ka1 Kb3 54. Kb1 Rf1# { White checkmated }
0-1

[Event "ICC tourney 2354 (60 10)"]
[Site "Internet Chess Club"]
[Date "2021.01.30"]
[Round "3"]
[White "xiaoyiyi"]
[Black "ILoveChess11"]
[Result "0-1"]
[ICCResult "White checkmated"]
[WhiteElo "1422"]
[BlackElo "1670"]
[Opening "Sicilian: Taimanov (Bastrikov) variation"]
[ECO "B47"]
[NIC "SI.40"]
[Time "16:00:53"]
[PlyCount "32"]
[TimeControl "3600+10"]

1. e4 c5 2. Nf3 e6 3. d4 cxd4 4. Nxd4 Nc6 5. Nc3 Qc7 6. Ndb5 Qb8 7. Bc4 a6
8. Nd4 Nf6 9. Bg5 Be7 10. O-O O-O 11. f4 Bc5 12. Ne2 Nxe4 13. Kh1 Nxg5 14.
fxg5 Ne5 15. Bd3 Ng4 16. Qe1 Qxh2# { White checkmated } 0-1

[Event "ICC tourney 2354 (60 10)"]
[Site "Internet Chess Club"]
[Date "2021.01.30"]
[Round "3"]
[White "JoRDy2025"]
[Black "pirate6400"]
[Result "1-0"]
[ICCResult "Black resigns"]
[WhiteElo "1420"]
[BlackElo "1089"]
[Opening "Sicilian: dragon variation"]
[ECO "B70"]
[NIC "SI.15"]
[Time "16:00:55"]
[PlyCount "95"]
[TimeControl "3600+10"]

1. e4 c5 2. Nf3 d6 3. d4 cxd4 4. Nxd4 Nf6 5. Nc3 g6 6. Bg5 Bg7 7. Bb5+ Bd7
8. Qe2 Qb6 9. O-O-O a6 10. Bxd7+ Nbxd7 11. Kb1 Rc8 12. Qe3 Ng4 13. Qd2 Nxf2
14. Qxf2 Rxc3 15. Ka1 Rc4 16. Be3 Ne5 17. Nf5 Ng4 18. Nxg7+ Kf8 19. Ne6+
Ke8 20. Bxb6 Nxf2 21. Ng7+ Kf8 22. Bxf2 Kxg7 23. Bd4+ e5 24. Bc3 Rc6 25.
Rhf1 b5 26. Bb4 Rxc2 27. Bxd6 f6 28. Be7 Rc6 29. Bxf6+ Rxf6 30. Rd7+ Kh6
31. Rxf6 Rc8 32. Kb1 Kg5 33. Rdf7 a5 34. Rf3 b4 35. Rxh7 a4 36. h4+ Kg4 37.
Rh6 g5 38. hxg5 Kxg5 39. Rhh3 Rd8 40. Rd3 Rf8 41. Rdg3+ Kf6 42. Rf3+ Ke7
43. Rxf8 Kxf8 44. g3 Kg7 45. g4 Kg6 46. Rh5 Kf6 47. Rf5+ Ke6 48. g5 { Black
resigns } 1-0